AoeStats
← Kez

Nomad

510560222Analyzed
3v3 RM · 20h ago on Oct 1, 2026· 37m 18s· 6 players
Game mode
Random Map
Map size
210×210
Population
200
Speed
Normal
Resources
Standard
Victory
Conquest
Starting age
Dark Age
Ending age
Imperial Age
RankedLock teamsTeams togetherTeam positionsShared explorationLock speedFull tech treeHidden civsTurbo modeCheats
Victory
Defeat
🇦🇪 Varangians · United Arab Emirates
1513
+8
🇺🇸 Japanese · United States
1491
+9
🇦🇪 Huns · United Arab Emirates
1485
+9
🇧🇷 Vikings · Brazil
1379
-11
🇬🇧 Sicilians · United Kingdom
1316
-8
🇳🇱 Inca · Netherlands
1274
-7
Kez
4:53 Loom
13:10 Feudal Age
17:25 Castle Age
15:52 Double-Bit Axe
19:13 Medium Warships
26:09 Fishing Lines
26:20 Horse Collar
26:51 Bow Saw
28:06 Wheelbarrow
27:48 Champi Runner
28:29 Squires
28:30 Scale Mail Armor
29:02 Gold Mining
29:18 Champi Warrior
32:28 Forging
37:42 Imperial Age
34:59 Town Watch
36:31 Chain Mail Armor
36:52 Iron Casting
36:11 Stone Mining
36:56 Arson
Guido
3:41 Loom
14:36 Feudal Age
15:20 Town Watch
19:03 Castle Age
17:36 Double-Bit Axe
17:45 Fletching
20:34 Bow Saw
david.down
11:23 Loom
13:26 Feudal Age
14:35 Double-Bit Axe
17:04 Wheelbarrow
17:27 Scale Mail Armor
19:46 Castle Age
18:02 Forging
18:54 Gold Mining
20:09 Fletching
20:39 Bloodlines
21:17 Elite Skirmisher
22:22 Padded Archer Armor
29:06 Bodkin Arrow
35:28 Chain Mail Armor
35:07 Fishing Lines
36:41 Horse Collar
37:13 Murder Holes
SupremeStoner
4:13 Loom
13:39 Feudal Age
18:30 Castle Age
17:59 Scale Barding Armor
30:11 Town Watch
35:43 Chain Barding Armor
35:51 Horse Collar
Potato Edition55
4:50 Loom
12:26 Feudal Age
16:15 Castle Age
14:46 Fletching
15:11 Padded Archer Armor
15:37 Double-Bit Axe
16:58 Bodkin Arrow
17:19 Gold Mining
20:50 Ballistics
25:44 Horse Collar
26:19 Stone Mining
38:25 Imperial Age
Moog
5:11 Loom
14:23 Feudal Age
18:29 Castle Age
16:28 Fishing Lines
17:48 Double-Bit Axe
18:42 Forging
19:51 Bow Saw
19:56 Medium Warships
22:19 Fletching
23:14 Gold Mining
24:22 Bodkin Arrow
25:39 Horse Collar
26:42 Heavy Plow
28:55 Stone Mining
29:35 Ballistics
33:26 Imperial Age
32:05 Wheelbarrow
32:28 Iron Casting
32:04 Scale Barding Armor
33:50 Stone Shaft Mining
34:30 Conscription
34:54 Chain Barding Armor
35:34 Blast Furnace
36:01 Conscription
36:57 Plate Barding Armor
37:32 Bloodlines
37:22 Husbandry
37:49 Hand Cart
Connection lost

Rejoining the realm…

Still unreachable

The connection could not be restored.

Session expired

The server has moved on; the page needs a fresh start.